 Dungeon Crawl Stone Soup version 0.20-a0-223-g066d66b (webtiles) character file.

10534 tboon the Severer (level 11, -7/105 HPs)
             Began as a Minotaur Fighter on Nov 29, 2016.
             Was a Priest of Okawaru.
             Mangled by a catoblepas (28 damage)
             ... on level 11 of the Dungeon.
             The game lasted 00:41:30 (10586 turns).

tboon the Severer (Minotaur Fighter)               Turns: 10586, Time: 00:41:30

Health: -7/105     AC: 15    Str: 21    XL:     11   Next: 37%
Magic:  9/11       EV:  9    Int:  7    God:    Okawaru [***...]
Gold:   424        SH: 11    Dex: 11    Spells: 10/10 levels left

rFire  . . .     SeeInvis +     a - +0 war axe
rCold  . . .     Gourm    .     w - +1 chain mail {rPois}
rNeg   . . .     Faith    .     c - +0 shield
rPois  +         Spirit   .     (helmet restricted)
rElec  .         Reflect  .     u - +1 cloak
rCorr  .         Harm     .     r - +0 pair of gloves
MR     .....                    (no boots)
Stlth  ..........               (no amulet)
                                O - ring of see invisible {sInv, !d}
                                z - +5 ring of slaying

@: heroism, very slightly contaminated, hasted (expiring), very quick
A: retaliatory headbutt, horns 2
a: Heroism, Renounce Religion


You were on level 11 of the Dungeon.
You worshipped Okawaru.
Okawaru was most pleased with you.
You were not hungry.

You visited 2 branches of the dungeon, and saw 12 of its levels.
You also visited: Ossuary.

You collected 514 gold pieces.
You spent 90 gold pieces at shops.

Inventory:

Hand Weapons
 a - a +0 war axe (weapon)
 h - the +4 mace of Gallantry {protect, rN+ MR+ Int+3}
   (You found it on level 6 of the Dungeon)

   It protects the one who uses it against injury (+AC on strike).
   It affects your intelligence (+3).
   It protects you from negative energy.
   It affects your resistance to hostile enchantments.
 C - a +0 trident
   (You found it on level 10 of the Dungeon)
 E - a cursed -2 trident
   (You took it off an orc priest on level 10 of the Dungeon)
Armour
 c - a +0 shield (worn)
 r - a +0 pair of gloves (worn)
   (You found it on level 2 of the Dungeon)
 u - a +1 cloak (worn)
   (You found it on level 2 of the Dungeon)
 w - a +1 chain mail of poison resistance (worn)
   (You took it off Terence on level 2 of the Dungeon)
Jewellery
 p - an uncursed ring of resist corrosion
   (You found it on level 4 of the Dungeon)
 z - a +5 ring of slaying (left hand)
   (You found it on level 3 of the Dungeon)
 N - a +4 amulet of reflection {unknown}
   (You found it on level 11 of the Dungeon)
 O - a ring of see invisible (right hand) {sInv, !d}
   (You found it on level 6 of the Dungeon)
Wands
 d - a wand of flame (25/48)
   (You found it on level 9 of the Dungeon)
 L - a wand of confusion (39/48)
   (You found it on level 6 of the Dungeon)
 M - a wand of confusion (20/48)
   (You found it on level 11 of the Dungeon)
Scrolls
 e - 9 scrolls of remove curse
 i - a scroll of identify
 j - 6 scrolls of teleportation
 m - a scroll of fog
 q - a scroll of magic mapping {!r}
 x - 2 scrolls of fear
 y - a scroll of amnesia
 A - 4 scrolls of recharging
 J - a scroll of blinking {!r}
Potions
 b - a potion of berserk rage {!q}
 g - 7 potions of curing
 o - 2 potions of haste
 s - 2 potions of heal wounds
 t - 3 potions of magic
 v - 4 potions of brilliance
 B - a potion of cancellation
 G - a potion of lignification {unknown}
 H - a potion of resistance
 I - a potion of invisibility {unknown}
Miscellaneous
 K - a fan of gales
   (You found it on level 11 of the Dungeon)
Comestibles
 f - 7 bread rations
 k - 4 meat rations
 l - 3 fruits
 n - a beef jerky
 D - 8 slices of pizza
 F - 4 chunks of flesh


   Skills:
 + Level 12.6(17.6) Fighting
 * Level 16.3(21.3) Axes
 - Level 3.6(8.6) Armour
 - Level 3.6(8.6) Shields
 + Level 2.2 Invocations


You had 10 spell levels left.
You didn't know any spells.

Dungeon Overview and Level Annotations

Branches:
Dungeon (11/15)            Temple (1/1) D:7            Lair (0/6) D:11
    Orc (0/2) D:10

Altars:
Ashenzari
Cheibriados
Dithmenos
Elyvilon
Hepliaklqana
Makhleb
Nemelex Xobeh
Okawaru
Qazlal
Ru
Sif Muna
Trog
Uskayaw
Yredelemnul
The Shining One

Shops:
D:4 :   D:6 }*   D:7 *}

Annotations:
D:2 1 runed door
D:11 Sonja


Innate Abilities, Weirdness & Mutations

You reflexively headbutt those who attack you in melee.
You have a pair of horns on your head.


Message History

Found a stone staircase leading down.
A catoblepas comes into view.
Sonja shoots a curare-tipped needle.
You block the curare-tipped needle.
You see here a curare-tipped needle.
Sonja unwields an uncursed blowgun.
Sonja wields an uncursed dagger of distortion.
Its appearance distorts for a moment.
Sonja hits you but does no damage.
You feel strangely unstable. Sonja hits you but does no damage.
You blink.
Sonja unwields an uncursed dagger of distortion.
Its appearance distorts for a moment.
Sonja wields an uncursed blowgun.
Sonja shoots a curare-tipped needle.
The curare-tipped needle hits you.
You have difficulty breathing.
You feel yourself slow down.
You see here a curare-tipped needle.
Sonja shoots a curare-tipped needle.
The curare-tipped needle hits you.
You see here a curare-tipped needle.
Sonja unwields an uncursed blowgun.
Sonja wields an uncursed dagger of distortion.
Its appearance distorts for a moment.
Sonja hits you but does no damage.
You feel strangely stable.
Sonja hits you with an uncursed dagger of distortion.
Space bends around you. Sonja hits you but does no damage.
Space warps horribly around you!
You see here a curare-tipped needle.
You slash Sonja! Your headbutt misses Sonja.
Sonja is heavily wounded.
You hit the catoblepas but do no damage.
Sonja shouts, "Too slow!"
Sonja hits you with an uncursed dagger of distortion.
Space bends around you. You block Sonja's attack.
Sonja hits you but does no damage.
You blink.
The catoblepas breathes a plume of calcifying dust at you.
The blast of calcifying dust hits you!
Sonja gestures wildly while chanting.
Sonja blinks!
You are engulfed in calcifying dust.
You are slowing down.
The catoblepas breathes a plume of calcifying dust at you.
The blast of calcifying dust hits you!
The catoblepas breathes a plume of calcifying dust at you.
The blast of calcifying dust hits you!
The blast of calcifying dust hits Sonja.
Your limbs are stiffening.
Sonja is engulfed in calcifying dust.
Sonja is moving more slowly.
Sonja gestures wildly while chanting.
Sonja blinks!
The catoblepas breathes a plume of calcifying dust at you.
The blast of calcifying dust hits you!
You have turned to stone.
You are engulfed in calcifying dust.
The catoblepas gores you but does no damage.
You are engulfed in calcifying dust.
You feel like a meek peon again. The catoblepas gores you!
You are engulfed in calcifying dust.
Sonja mumbles some strange words.
Sonja looks slightly unstable.
The catoblepas barely misses you.
You are engulfed in calcifying dust.
You feel yourself speed up. The catoblepas gores you!
You are engulfed in calcifying dust.
Sonja stops moving altogether!
The catoblepas gores you but does no damage.
You are engulfed in calcifying dust.
Sonja disappears!
The catoblepas gores you!!
The catoblepas gores you but does no damage.
The catoblepas gores you!
The catoblepas breathes a plume of calcifying dust at you.
The blast of calcifying dust hits you!
You turn to flesh and can move again.
The catoblepas breathes a plume of calcifying dust at you.
The blast of calcifying dust hits you!
The catoblepas gores you but does no damage.
You slash the catoblepas!
The catoblepas is lightly wounded.
You hit the catoblepas. You headbutt the catoblepas.
The catoblepas is moderately wounded.
You block the catoblepas's attack.
You hit the catoblepas.
The catoblepas is moderately wounded.
The catoblepas gores you!
* * * LOW HITPOINT WARNING * * *
You gain the combat prowess of a mighty hero.
You slash the catoblepas!
The catoblepas is heavily wounded.
Your extra speed is starting to run out.
You block the catoblepas's attack.
You hit the catoblepas but do no damage.
The catoblepas is heavily wounded.
Your shield prevents you from hitting the catoblepas.
You headbutt the catoblepas!
The catoblepas is severely wounded.
The catoblepas breathes a plume of calcifying dust at you.
The blast of calcifying dust hits you!
You slash the catoblepas! Your headbutt misses the catoblepas.
The catoblepas is severely wounded.
The catoblepas breathes a plume of calcifying dust at you.
The blast of calcifying dust hits you!
* * * LOW HITPOINT WARNING * * *
You slash the catoblepas! You headbutt the catoblepas.
The catoblepas is almost dead.
The catoblepas gores you!!
You die...

#......# ...... #...<..#
...... #......# ......
#########......#####+#######
............................
###.......§.................
#..............(..........
#.§§§§§§Y....((...........
#.....>.§@................
.........§..(..............
############################


You could see a catoblepas.

Vanquished Creatures
  The ghost of Aak the Destroyer, a novice DrFE of Cheibriados (D:7)
  An unseen horror (D:10)
  2 ugly things (D:11)
  The ghost of ktulu8bugs the Firebug, a novice OpFE (Ossuary)
  A manticore (D:10)
  Joseph (D:7)
  3 trolls
  A hippogriff (D:7)
  Sigmund (D:2)
  A wraith (D:11)
  A wyvern (D:11)
  A hungry ghost (D:7)
  A human (D:9)
  Menkaure (D:5)
  A warg (D:10)
  A soldier ant (D:10)
  2 orc warriors
  2 black bears
  4 sky beasts
  4 phantoms
  3 ice beasts
  2 necrophages
  3 centaurs
  5 ogres
  4 big kobolds
  3 bullfrogs
  A wyvern skeleton (D:7)
  5 scorpions
  3 killer bees (D:9)
  4 howler monkeys
  2 crimson imps
  2 centaur zombies (Ossuary)
  2 quasits
  3 bullfrog zombies
  4 jellies
  7 orc priests
  2 bullfrog skeletons
  6 hounds
  16 orc wizards
  2 iguanas
  Natasha (thrice) (D:2)
  Terence (D:2)
  A human skeleton (D:2)
  8 worker ants
  3 hound zombies
  21 mummies (Ossuary)
  A howler monkey zombie (Ossuary)
  3 worker ant zombies
  7 adders
  13 gnolls
  2 shadow imps
  4 adder zombies
  2 adder skeletons
  A worm (D:3)
  2 dart slugs (D:2)
  3 leopard geckos
  47 orcs
  6 bats
  9 giant cockroaches
  8 hobgoblins
  11 jackals
  26 kobolds
  4 quokkas
  2 ball pythons
  3 frilled lizards
  9 goblins
  A leopard gecko skeleton (D:6)
  10 rats
321 creatures vanquished.

Vanquished Creatures (others)
  A quokka (D:2)
  2 withered plants (Ossuary)
3 creatures vanquished.

Grand Total: 324 creatures vanquished

Notes
Turn   | Place    | Note
-------+----------+-------------------------------------------
     0 | D:1      | tboon the Minotaur Fighter began the quest for the Orb.
     0 | D:1      | Reached XP level 1. HP: 19/19 MP: 0/0
   277 | D:1      | Reached skill level 3 in Axes
   311 | D:1      | Reached XP level 2. HP: 27/27 MP: 1/1
   656 | D:1      | Reached skill level 4 in Fighting
  1199 | D:2      | Noticed Sigmund
  1211 | D:2      | Reached XP level 3. HP: 25/33 MP: 2/2
  1214 | D:2      | Killed Sigmund
  1214 | D:2      | Reached skill level 5 in Fighting
  1214 | D:2      | Reached skill level 5 in Axes
  1214 | D:2      | Reached XP level 4. HP: 32/42 MP: 3/3
  1214 | D:2      | Reached XP level 5. HP: 37/48 MP: 4/4
  1302 | D:2      | Found a white marble altar of Elyvilon.
  1303 | D:2      | Noticed Natasha
  1311 | D:2      | Killed Natasha
  1311 | D:2      | Reached skill level 6 in Axes
  1342 | D:2      | Found a runed door.
  1342 | D:2      | Noticed a human
  1346 | D:2      | Noticed Natasha
  1349 | D:2      | Found a basalt altar of Yredelemnul.
  1356 | D:2      | Killed Natasha
  1357 | D:2      | Reached XP level 6. HP: 37/56 MP: 5/5
  1587 | D:2      | Noticed Natasha
  1601 | D:2      | Killed Natasha
  1627 | D:2      | Noticed Terence
  1644 | D:2      | Killed Terence
  1724 | D:2      | Found a stormy altar of Qazlal.
  2106 | D:3      | Reached skill level 6 in Fighting
  2106 | D:3      | Reached skill level 7 in Axes
  2505 | D:3      | Reached XP level 7. HP: 63/63 MP: 6/6
  2695 | D:3      | Found a snail-covered altar of Cheibriados.
  2871 | D:3      | Reached skill level 8 in Axes
  3300 | D:4      | Reached skill level 7 in Fighting
  3316 | D:4      | Found Hosimodgh's Book Boutique.
  3713 | D:5      | Entered Level 5 of the Dungeon
  3719 | D:5      | Reached skill level 9 in Axes
  3827 | D:5      | Found a bloodstained altar of Trog.
  3936 | D:5      | Reached XP level 8. HP: 65/73 MP: 7/7
  3940 | D:5      | Noticed Menkaure
  3954 | D:5      | Killed Menkaure
  4338 | D:5      | Reached skill level 10 in Axes
  4670 | D:5      | Reached skill level 8 in Fighting
  4689 | D:5      | Found a hazy altar of Hepliaklqana.
  5122 | D:6      | Found a sand-covered staircase.
  5127 | D:6      | Got an iridescent mace
  5163 | Ossuary  | Entered an ossuary
  5177 | Ossuary  | Noticed ktulu8bugs's ghost (novice OpFE)
  5192 | Ossuary  | Killed ktulu8bugs's ghost
  5192 | Ossuary  | Reached skill level 9 in Fighting
  5192 | Ossuary  | Reached skill level 11 in Axes
  5192 | Ossuary  | Reached XP level 9. HP: 54/83 MP: 8/8
  5393 | Ossuary  | Reached skill level 12 in Axes
  5518 | D:6      | Found Askeohaj's Gadget Boutique.
  5755 | D:6      | Found Saffor's General Store.
  5787 | D:6      | Reached skill level 10 in Fighting
  5902 | D:6      | Found a burning altar of Makhleb.
  6122 | D:6      | Reached skill level 13 in Axes
  6198 | D:7      | Found Huudghogo's General Store.
  6200 | D:7      | Noticed Joseph
  6215 | D:7      | Killed Joseph
  6222 | D:7      | Bought a scroll of blinking for 90 gold pieces
  6354 | D:7      | Found Polir's Gadget Shop.
  6384 | D:7      | Noticed Aak's ghost (novice DrFE)
  6403 | D:7      | Killed Aak's ghost
  6403 | D:7      | Reached XP level 10. HP: 61/94 MP: 9/9
  6574 | D:7      | Found a staircase to the Ecumenical Temple.
  6581 | Temple   | Entered the Ecumenical Temple
  6587 | Temple   | Became a worshipper of Warmaster Okawaru
  6648 | D:7      | Reached skill level 14 in Axes
  6774 | D:7      | Reached skill level 11 in Fighting
  7079 | D:7      | Identified the +4 mace of Gallantry {protect, rN+ MR+ Int+3} (You found it on level 6 of the Dungeon)
  7214 | D:8      | Found a bloodstained altar of Trog.
  7773 | D:8      | Reached * piety under Okawaru
  8150 | D:9      | Found a deep blue altar of Sif Muna.
  8410 | D:9      | Reached skill level 15 in Axes
  8733 | D:9      | Reached skill level 12 in Fighting
  8850 | D:9      | Reached ** piety under Okawaru
  8880 | D:10     | Entered Level 10 of the Dungeon
  9032 | D:10     | Reached XP level 11. HP: 97/104 MP: 10/10
  9135 | D:10     | Noticed an unseen horror
  9147 | D:10     | Killed an unseen horror
  9451 | D:10     | Found a staircase to the Orcish Mines.
  9569 | D:10     | Reached *** piety under Okawaru
  9569 | D:10     | Reached skill level 16 in Axes
  9733 | D:10     | Reached skill level 1 in Invocations
 10134 | D:11     | Noticed a cyan ugly thing
 10145 | D:11     | Killed a cyan ugly thing
 10412 | D:11     | Found a staircase to the Lair.
 10418 | D:11     | Noticed a green ugly thing
 10429 | D:11     | Killed a green ugly thing
 10429 | D:11     | Reached skill level 2 in Invocations
 10547 | D:11     | Noticed Sonja
 10553 | D:11     | Noticed a catoblepas
 10578 | D:11     | HP: 21/105 [catoblepas (17)]
 10584 | D:11     | HP: 20/105 [catoblepas/blast of calcifying dust (1)]
 10586 | D:11     | Mangled by a catoblepas

Vault maps used:
D:1:      eino_arrival_water_star
D:2:      lemuel_crystal_altar, elyvilon_altar_4, dk_yredelemnul_ordeal,
          uniq_sigmund, uniq_natasha, uniq_terence
D:3:      kennysheep_big_flooded_room, marbit_many_paths
D:4:      serial_shops, kennysheep_mini
D:5:      kennysheep_mini_moat, lemuel_round_altar, serial_co_window_serial,
          co_window_paths_a, co_window_paths_b, co_window_paths_a,
          co_window_corner_a, co_window_corner_a, co_window_corner_a,
          co_window_corner_a, co_window_unsneaky_path_e,
          co_window_unsneaky_path_e, co_window_2corner, co_window_paths_d,
          co_window_sun, glass_columns_a, glass_columns_b, glass_columns_b,
          first_bread, serial_bayou_crossing, uniq_menkaure
D:6:      lemuel_doored_altar, serial_shops, shop, serial_glass,
          glass_columns_a, glass_columns_a,
          nicolae_ossuary_entry_false_entrances, kennysheep_windowed_goal
D:7:      serial_shops, shop, shop, uniq_joseph
D:8:      basic_altar
D:9:      led_sif_book, grunt_pizzeria
D:10:     erik_orc_3
D:11:     lair_entry_dummy, uniq_sonja
Temple:   eino_narrow_crystal_temple
Ossuary:  ossuary_zaba_flooded

Skill      XL: |  1  2  3  4  5  6  7  8  9 10 11 |
---------------+----------------------------------+-----
Axes           | 3 5 6 7 9 11 13 15 16 | 16.3
Fighting       | 4 5 6 7 9 10 12 | 12.6
Invocations    | 2 |  2.2
Armour         | |  3.6
Shields        | |  3.6

Action                   |  1- 3 |  4- 6 |  7- 9 | 10-12 || total
-------------------------+-------+-------+-------+-------++-------
Melee: War axe           |    64 |   100 |   328 |   326 ||   818
       Headbutt          |     8 |    24 |    73 |    58 ||   163
Invok: Heroism           |       |       |       |     7 ||     7
  Use: Potion            |     1 |       |     4 |     1 ||     6
       Scroll            |       |     3 |    12 |     7 ||    22
  Eat: Chunk             |     1 |     4 |     8 |    11 ||    24
       Royal jelly       |       |       |     1 |       ||     1
       Beef jerky        |       |       |     3 |       ||     3
       Bread ration      |       |       |     1 |       ||     1
Armor: Scale mail        |    27 |    14 |       |       ||    41
       Chain mail        |       |    29 |   131 |   130 ||   290
Dodge: Dodged            |    14 |    20 |    40 |    50 ||   124
Block: Shield            |    31 |    45 |   120 |   123 ||   319

Vault maps used:
D:1:      eino_arrival_water_star
D:2:      lemuel_crystal_altar, elyvilon_altar_4, dk_yredelemnul_ordeal,
          uniq_sigmund, uniq_natasha, uniq_terence
D:3:      kennysheep_big_flooded_room, marbit_many_paths
D:4:      serial_shops, kennysheep_mini
D:5:      kennysheep_mini_moat, lemuel_round_altar, serial_co_window_serial,
          co_window_paths_a, co_window_paths_b, co_window_paths_a,
          co_window_corner_a, co_window_corner_a, co_window_corner_a,
          co_window_corner_a, co_window_unsneaky_path_e,
          co_window_unsneaky_path_e, co_window_2corner, co_window_paths_d,
          co_window_sun, glass_columns_a, glass_columns_b, glass_columns_b,
          first_bread, serial_bayou_crossing, uniq_menkaure
D:6:      lemuel_doored_altar, serial_shops, shop, serial_glass,
          glass_columns_a, glass_columns_a,
          nicolae_ossuary_entry_false_entrances, kennysheep_windowed_goal
D:7:      serial_shops, shop, shop, uniq_joseph
D:8:      basic_altar
D:9:      led_sif_book, grunt_pizzeria
D:10:     erik_orc_3
D:11:     lair_entry_dummy, uniq_sonja
Temple:   eino_narrow_crystal_temple
Ossuary:  ossuary_zaba_flooded

Table legend:
 A = Turns spent in this place as a percentage of turns spent in the entire game.
 B = Non-inter-level travel turns spent in this place as a percentage of non-inter-level travel turns spent in the entire game.
 C = Inter-level travel turns spent in this place as a percentage of turns spent in this place.
 D = Turns resting spent in this place as a percentage of non-inter-level travel turns spent in this place.
 E = Turns spent auto-exploring this place as a percentage of non-inter-level travel turns spent in this place.
 F = Non-inter-level travel turns spent in this place divided by the number of levels of this place that you've seen.
                   A       B       C       D       E      F
               +-------+-------+-------+-------+-------+----------------------
         Total | 100.0 | 100.0 |   0.5 |   2.5 |  10.3 | 208.3
       Dungeon |  89.6 |  89.6 |   0.5 |   2.8 |  11.5 | 220.6
        Temple |   0.3 |   0.3 |  12.5 |   0.0 |   0.0 |   7.0
       Ossuary |  10.1 |  10.1 |   0.0 |   0.0 |   0.4 | 274.0
               +-------+-------+-------+-------+-------+----------------------

Table legend:
 A = Kills in this place as a percentage of kills in entire the game.
 B = Kills by you in this place as a percentage of kills by you in the entire game.
 C = Kills by friends in this place as a percentage of kills by friends in the entire game.
 D = Other kills in this place as a percentage of other kills in the entire game.
 E = Experience gained in this place as a percentage of experience gained in the entire game.
 F = Experience gained in this place divided by the number of levels of this place that you have seen.
                   A       B       C       D       E      F
               +-------+-------+-------+-------+-------+----------------------
         Total | 100.0 | 100.0 |  -nan |  -nan | 100.0 | 1157.6
       Dungeon |  89.7 |  89.7 |  -nan |  -nan |  91.3 | 1249.7
       Ossuary |  10.3 |  10.3 |  -nan |  -nan |   8.7 | 1302.0
               +-------+-------+-------+-------+-------+----------------------
